 Dungeon Crawl Stone Soup version 0.17-a0-1210-g1e4f09d (webtiles) character file.

634513 Chiseanne the Severer (level 27, -13/193 HPs)
             Began as a Demonspawn Wanderer on June 2, 2015.
             Was the Champion of Okawaru.
             Mangled by a death ooze (15 damage)
             ... created by the royal jelly
             ... on level 6 of the Pits of Slime on June 4, 2015.
             The game lasted 07:13:12 (64229 turns).

Chiseanne the Severer (Demonspawn Wanderer)        Turns: 64229, Time: 07:13:12

Health: -13/193    AC: 12    Str: 30    XL:     27
Magic:  0/54       EV: 37    Int: 20    God:    Okawaru [******]
Gold:   4007       SH: 24    Dex: 27    Spells: 13 memorised, 24 levels left

rFire  + + .     SeeInvis +     s - +8 mithril axe "Arga" {speed, MR+ Str+2}
rCold  + . .     Clarity  .     o - +12 crystal plate armour of the Known World {god gift, rN+ Str+4}
rNeg   + + .     SustAt   .     R - +5 shield {rC+} {god gift}
rPois  +         Gourm    .     (helmet unavailable)
rElec  .         Spirit   +     A - +2 cloak {MR+}
rCorr  .         Warding  +     l - +2 pair of gloves {Dex+3} {god gift}
rMut   .         Stasis   .     b - +2 pair of boots of Impatience {MR+ Str+6}
MR     +++++                    c - macabre finger necklace {Ward rN+}
Stlth  ..........               Y - ring of Ephemeral Luck {rF- MP+9 EV+6 Dex+7}
                                p - +3 ring of slaying
                                Q - ring "Jugir" {rF++ Stlth+}

@: agile, heroism, finesse, corroded equipment, very slightly contaminated,
invisible, almost entirely resistant to hostile enchantments, extremely
unstealthy
A: antennae 3, slimy green scales 3, blurry vision 1, clumsy 1, deterioration 1,
fire resistance 1, hurl hellfire, frail 1, foul stench 2, magic shield, magic
regeneration, magic link, rot immunity, flame cloud immunity
a: Hellfire, Heroism, Finesse, Renounce Religion
}: 3/15 runes: serpentine, barnacled, silver


You were on level 6 of the Pits of Slime.
You worshipped Okawaru.
Okawaru was exalted by your worship.
You were not hungry.

You visited 12 branches of the dungeon, and saw 62 of its levels.
You also visited: Labyrinth, Sewer, Bailey, Ice Cave and Wizlab.

You collected 7506 gold pieces.
You spent 3499 gold pieces at shops.

Inventory:

Hand weapons
 a - the +7 broad axe of Ibal {venom, rElec rPois}
   (You found it on level 10 of the Dungeon)

   It poisons the flesh of those it strikes.
   It insulates you from electricity.
   It protects you from poison.
 d - the +5 trident "Goblin's Death Toll" {venom, rPois Str+2 SInv}
   (You took it off a kobold on level 5 of the Dungeon)

   It poisons the flesh of those it strikes.
   It affects your strength (+2).
   It protects you from poison.
   It lets you see invisible.
 s - the +8 mithril axe "Arga" (weapon) {speed, MR+ Str+2}
   (You found it on level 3 of the Elven Halls)

   Attacks with this weapon are significantly faster.
   It affects your strength (+2).
   It affects your resistance to hostile enchantments.
Armour
 b - the +2 pair of boots of Impatience (worn) {MR+ Str+6}
   (You acquired it on level 1 of the Lair of Beasts)

   It affects your strength (+6).
   It affects your resistance to hostile enchantments.
 l - a +2 pair of gloves of dexterity (worn) {god gift}
 o - the +12 crystal plate armour of the Known World (worn) {god gift, rN+ Str+4}
   (Okawaru gifted it to you on level 3 of the Elven Halls)

   It affects your strength (+4).
   It protects you from negative energy.
 A - a +2 cloak of magic resistance (worn)
 R - a +5 shield of cold resistance (worn) {god gift}
Rods
 i - a +9 iron rod (16/16)
   (You found it on level 3 of the Elven Halls)
 q - a +8 iron rod (17/17)
   (You found it on level 3 of the Dungeon)
 r - a +9 rod of clouds (11/16)
   (You found it in a labyrinth)
Jewellery
 c - the macabre finger necklace (around neck) {Ward rN+}
   (You bought it in a shop on level 4 of the Orcish Mines)

   [amulet of warding]

   It may prevent the melee attacks of summoned creatures.
   It protects you from negative energy.
 p - a +3 ring of slaying (left hand)
 Q - the ring "Jugir" (on amulet) {rF++ Stlth+}
   (You found it in a labyrinth)

   [ring of stealth]

   It greatly protects you from fire.
   It makes you more stealthy.
 Y - the ring of Ephemeral Luck (right hand) {rF- MP+9 EV+6 Dex+7}
   (You found it on level 3 of the Elven Halls)

   [ring of evasion]

   It affects your evasion (+6).
   It affects your dexterity (+7).
   It makes you vulnerable to fire.
   It affects your magic capacity (+9).
Magical devices
 e - a wand of digging (18)
 D - a wand of teleportation (4)
 O - a wand of invisibility (4)
 U - a wand of hasting (3)
Scrolls
 h - 8 scrolls of fear
 k - 4 scrolls of recharging
 u - 12 scrolls of fog
 y - 2 scrolls of immolation
 z - 2 scrolls of silence
 B - 26 scrolls of teleportation
 E - 22 scrolls of remove curse
 J - 26 scrolls of identify
 S - 7 scrolls of magic mapping
 X - 5 scrolls of blinking
Potions
 g - 8 potions of brilliance
 j - 21 potions of curing
 v - 4 potions of haste
 x - 7 potions of flight
 C - 3 potions of cancellation
 F - 4 potions of heal wounds
 H - 4 potions of invisibility
 N - 4 potions of might
 T - 5 potions of resistance
 W - 7 potions of berserk rage
Miscellaneous
 m - a fan of gales (inert)
 n - a phial of floods
 V - a stone of tremors
Comestibles
 f - 26 meat rations
 I - 17 bread rations


   Skills:
 - Level 17.3(22.3) Fighting
   Level 1.6(6.6) Short Blades
 - Level 20.5(25.7) Axes
 - Level 6.1(20.0) Polearms
   Level 1.7(9.2) Staves
   Level 1.0(6.0) Bows
 - Level 18.7(23.7) Armour
 - Level 16.2(21.2) Dodging
 - Level 1.0(6.0) Stealth
 - Level 17.8(22.8) Shields
 * Level 18.6 Spellcasting
 - Level 2.2 Hexes
 - Level 6.0 Necromancy
 * Level 10.0 Translocations
 - Level 6.0 Transmutations
 - Level 10.0 Invocations
 - Level 5.5 Evocations


You had 24 spell levels left.
You knew the following spells:

 Your Spells              Type           Power        Failure   Level  Hunger
a - Apportation           Tloc           ######....   1%          1    None
b - Animate Skeleton      Necr           N/A          1%          1    None
c - Shroud of Golubria    Chrm/Tloc      #####.....   4%          2    None
e - Gell's Gravitas       Hex/Tloc       #####.....   6%          3    None
f - Stoneskin             Trmt/Erth      ####....     12%         2    None
g - Statue Form           Trmt/Erth      ####.....    100%        6    ####...
h - Dragon Form           Trmt           #####.....   100%        7    ######.
i - Swiftness             Chrm/Air       ###.....     34%         2    None
j - Repel Missiles        Chrm/Air       ###...       34%         2    None
k - Corona                Hex            ####...      12%         1    None
l - Regeneration          Chrm/Necr      ####......   21%         3    None
m - Phase Shift           Tloc           ######....   12%         5    ##.....
n - Control Teleport      Chrm/Tloc      #####.....   28%         4    None


Dungeon Overview and Level Annotations

Branches:
Dungeon (15/15)            Temple (1/1) D:5            Lair (8/8) D:10
 Shoals (4/4) Lair:4        Snake (4/4) Lair:3        Slime (6/6) Lair:7
    Orc (4/4) D:10            Elf (3/3) Orc:3        Vaults (5/5) D:14
  Crypt (3/3) Vaults:3       Tomb (0/3) Crypt:3      Depths (5/5) D:15
    Zot (4/5) Depths:5

Altars:
Ashenzari
Cheibriados
Dithmenos
Elyvilon
Fedhas
Gozag
Kikubaaqudgha
Makhleb
Nemelex Xobeh
Okawaru
Qazlal
Ru
Sif Muna
Trog
Vehumet
Xom
Yredelemnul
Zin
The Shining One
Beogh
Jiyva

Shops:
D:13 !!   D:15 :   Orc:4 *[(*   Elf:2 :*   Shoals:3 ?%(   Vaults:3 [
Vaults:5 [   Depths:1 =

Portals:
Hell: Depths:1 Depths:2 Depths:3 Depths:4 Depths:5
Abyss: Depths:4
Pandemonium: Depths:3 Depths:5
Ziggurat: Depths:2

Annotations:
D:6 Grinder
Elf:2 3 runed doors


Innate Abilities, Weirdness & Mutations

You have a pair of large antennae on your head (SInv).
You are completely covered in slimy green scales (AC +4, rPois).
Your flesh is heat resistant.
You can hurl blasts of hellfire.
You frequently emit foul miasma when damaged in melee.
When hurt, damage is shared between your health and your magic reserves.
You regenerate magic rapidly.
When low on magic, you restore magic in place of health.
You are immune to rotting.
You are immune to clouds of flame.
Scrolls take you a little longer to read.
You are clumsy. (Dex -2)
Your body sometimes deteriorates upon taking damage.
You are frail (-10% HP).


Message History

Your air elemental hits the azure jelly.
You block the death ooze's attack. The death ooze completely misses you.
An acid blob comes into view.
Read which item? (? for menu, Esc to quit)
Really read with blurry vision while enemies are nearby?
The acid blob completely misses you. You block the death ooze's attack.
You block the death ooze's attack.
A large slime creature splits.
Your air elemental misses the azure jelly.
You begin reading the scroll.
You continue reading the scroll.
The slime creature quivers. x2
Your air elemental barely misses the azure jelly.
The azure jelly closely misses your air elemental.
The azure jelly hits your air elemental!
The azure jelly freezes your air elemental!!
Your air elemental is destroyed!
The death ooze completely misses you. You block the death ooze's attack.
The acid blob spits acid at you. You block the splash of acid.
The acid corrodes you! The acid blob misses you. The death ooze hits you!
You die...

........# ....
........###??:!##..##[[( ...
........###")}:$#J##$[") ...
.........###))$##G.##?|) ....
...........##)[!##J#$$(# .....
...........###(##JJ##}###........
.............####.######.........
.............####JJ#.............
..............JJ@.JJJ§§..........
...............JJJJJ.............
.................JJ..............
..................J..............
#................................
###..<...........................
##.............................
#.............................
#............................#


You could see 6 acid blobs, 5 azure jellies, a great orb of eyes, 3 slime
creatures and 5 death oozes.

Vanquished Creatures
  Mara (twice) (Vaults:3)
  Dissolution (Slime:3)
  the royal jelly (Slime:6)
  An orb of fire (Zot:2)
  Mennas (Vaults:5)
  An ancient lich (Vaults:4)
  Frederick (Depths:5)
  2 caustic shrikes (Depths:4)
  The ghost of WhatIsLove the Acrobat, a great HaHu of Fedhas (Slime:6)
  8 golden dragons
  A profane servitor (Crypt:3)
  6 liches
  Rupert (Lair:5)
  15 tentacled monstrosities
  Asterion (Vaults:3)
  4 titans
  4 quicksilver dragons
  2 deep elf master archers (Elf:3)
  2 deep elf blademasters (Elf:3)
  9 acid blobs
  4 octopode crushers
  Gastronok (D:12)
  8 shadow dragons
  8 sphinxes
  3 ancient champions (Crypt:3)
  5 tengu reavers
  13 storm dragons
  A revenant (Crypt:3)
  8 greater nagas
  4 draconian monks
  Wiglaf (Vaults:3)
  7 frost giants
  3 azure jellies
  3 ghost moths (Zot:3)
  Donald (Shoals:1)
  4 deep elf sorcerers
  5 draconian knights
  An iron dragon (Vaults:5)
  11 fire giants
  A ghost moth (shapeshifter) (Vaults:5)
  3 draconian scorchers
  Aizul (Elf:2)
  17 vault wardens
  2 curse skulls
  13 ironheart preservers
  7 draconian zealots
  A caustic shrike zombie (Crypt:1)
  7 ghouls
  5 draconian shifters
  3 war gargoyles (Vaults:5)
  2 spriggan defenders
  A draconian annihilator (Zot:2)
  27 stone giants
  22 very ugly things
  10 green draconians
  11 black draconians
  6 yellow draconians
  The ghost of Oper80 the Nimble, a powerful MfGl of Okawaru (Lair:6)
  A spellforged servitor (Depths:5)
  5 vampire knights
  19 deep elf annihilators
  8 deep elf demonologists
  5 mottled draconians
  The ghost of Mulkerokala the Thaumaturge, a powerful DrFE of Qazlal (D:14)
  7 white draconians
  8 purple draconians
  10 red draconians
  6 merfolk javelineers
  A minotaur (Lab)
  11 deep elf death magi
  21 ettins
  21 fire dragons
  31 vault guards
  A green death (Depths:5)
  6 deep elf high priests
  15 ogre magi
  9 merfolk impalers
  An eidolon (Crypt:3)
  5 death oozes
  15 yaktaur captains
  7 death cobs
  25 ice dragons
  The ghost of ragan the Cleaver, a powerful HOFi of Makhleb (D:14)
  20 jiangshi
  9 entropy weavers
  A ghost crab (shapeshifter) (Vaults:5)
  9 rakshasas
  Harold (D:12)
  A merfolk avatar (Shoals:2)
  12 naga warriors
  14 great orbs of eyes
  7 hydras
  A catoblepas (D:13)
  4 death knights
  A hell beast (Depths:3)
  9 centaur warriors
  Erica (Lair:1)
  The ghost of ragan the Cleaver, an experienced HOBe of Trog (Lair:1)
  A satyr (Shoals:3)
  4 anacondas
  An anaconda (shapeshifter) (Vaults:5)
  4 merfolk aquamancers
  6 death yaks
  2 dancing weapons (Elf:2)
  9 tengu warriors
  A satyr (shapeshifter) (Depths:1)
  A shock serpent (shapeshifter) (Depths:4)
  A spriggan berserker (Depths:4)
  3 salamander stormcallers
  A queen ant (shapeshifter) (Vaults:5)
  A sun demon (Depths:3)
  28 deep elf knights
  9 deep troll shamans
  14 naga sharpshooters
  Urug (Lair:3)
  10 deep troll earth magi
  A thrashing horror (WizLab)
  2 orc high priests
  A soul eater (Depths:5)
  4 vampire magi
  4 shock serpents
  3 large abominations
  A storm dragon zombie (Crypt:3)
  The ghost of Geomchi the Ruffian, an experienced TrTm of Cheibriados (D:7)
  9 shadow wraiths
  6 sea snakes
  19 skeletal warriors (Crypt:3)
  5 iron trolls
  10 hell knights
  6 ice devils
  An unseen horror (shapeshifter) (Depths:4)
  A spectral hydra (Crypt:3)
  3 spriggan druids (Depths:2)
  6 wizards
  A storm dragon skeleton (Vaults:3)
  14 deep elf summoners
  A swamp dragon (shapeshifter) (Vaults:5)
  9 giant orange brains
  8 flayed ghosts
  13 hill giants
  2 ice statues (IceCv)
  25 orc knights
  30 deep trolls
  A harpy (shapeshifter) (Depths:4)
  14 necromancers
  2 deathcaps (Zot:3)
  6 mana vipers
  16 ironbrand convokers
  2 lindwurms (Lair:8)
  4 naga ritualists
  3 phantasmal warriors
  A hornet (Vaults:1)
  10 deep elf conjurers
  A faun (shapeshifter) (Elf:3)
  3 shining eyes
  An orb spider (shapeshifter) (Vaults:3)
  18 harpies
  A sphinx skeleton (Crypt:2)
  A stone giant zombie (Vaults:4)
  4 orc sorcerers
  A tengu skeleton (Vaults:2)
  3 manticores
  7 fauns
  49 ugly things
  A shining eye (shapeshifter) (Depths:4)
  6 water nymphs
  A fire giant zombie (Crypt:3)
  9 wolf spiders
  10 griffons
  2 sixfirhies (Elf:3)
  A worldbinder (WizLab)
  17 moths of wrath
  An octopode (shapeshifter) (Vaults:1)
  3 hornets (shapeshifter)
  7 cyclopes
  8 salamanders
  A human skeleton (Vaults:3)
  A stone giant skeleton (Crypt:3)
  A black mamba (shapeshifter) (Depths:1)
  A guardian serpent (Snake:4)
  A spectral shock serpent (Crypt:3)
  Maurice (D:13)
  2 sirens (Shoals:3)
  24 black mambas
  2 orange demons
  11 naga magi
  6 torpor snails (Lair:8)
  14 spiny frogs
  2 gargoyles
  11 elephants
  11 komodo dragons
  9 vault sentinels
  55 yaktaurs
  3 smoke demons
  A komodo dragon (shapeshifter) (Vaults:3)
  5 centaur skeletons
  2 hellwings
  2 eyes of devastation (Slime:6)
  2 yaktaur zombies (Vaults:2)
  6 fire drakes
  2 demonic crawlers
  An efreet (D:15)
  16 deep elf priests
  3 wandering mushrooms (Zot:3)
  3 kobold demonologists
  20 merfolk
  A sea snake skeleton (Crypt:1)
  An ancient zyme (WizLab)
  A fire drake (shapeshifter) (Vaults:2)
  2 red devils
  4 jumping spiders
  33 two-headed ogres
  6 tengu conjurers
  2 wind drakes
  A jumping spider (shapeshifter) (Depths:1)
  2 harpy skeletons
  14 freezing wraiths
  13 trolls
  2 boulder beetles
  A raiju (shapeshifter) (Vaults:3)
  9 blue devils
  3 giant leeches (Lair:8)
  2 trolls (shapeshifter)
  A bog body (Crypt:1)
  An ettin zombie (Vaults:3)
  22 blink frogs
  17 ravens
  77 slime creatures
  A frost giant simulacrum (Vaults:4)
  2 trapdoor spiders (Lab)
  5 snapping turtles
  A stone giant simulacrum (Crypt:3)
  9 wraiths
  46 flying skulls
  17 spriggans
  8 shadows
  12 water elementals
  3 vampires
  8 wyverns
  10 hippogriffs
  24 redbacks
  32 deep elf magi
  An ettin skeleton (Vaults:4)
  A steam dragon (D:11)
  7 tarantellas
  53 yaks
  A golden eye (Slime:6)
  2 neqoxecs
  A hog (shapeshifter) (Depths:3)
  9 wolves
  6 hungry ghosts
  2 spatial vortices (WizLab)
  3 basilisks
  A chaos spawn (Depths:3)
  2 salamander skeletons
  3 ynoxinuls
  10 vampire mosquitoes
  A redback simulacrum (D:15)
  Menkaure (D:6)
  32 deep elf fighters
  3 human simulacra
  9 wargs
  33 nagas
  The ghost of Chiseanne the Skirmisher, an average KoFi (D:3)
  3 mottled dragons
  An ogre zombie (Vaults:1)
  57 orc warriors
  12 porcupines
  7 wasps
  20 water moccasins
  A spider (shapeshifter) (Depths:2)
  2 phantoms
  A spiny frog skeleton (Crypt:1)
  A water moccasin (shapeshifter) (Vaults:5)
  21 ice beasts
  4 sky beasts
  2 black bears
  A snapping turtle zombie (Crypt:3)
  11 boggarts
  An eye of draining (shapeshifter) (D:14)
  2 human zombies (Vaults:1)
  16 centaurs
  52 ogres
  7 necrophages
  A swamp dragon skeleton (Crypt:3)
  A crocodile (shapeshifter) (Vaults:2)
  4 eyes of draining
  17 crocodiles
  7 big kobolds
  A hog skeleton (Crypt:1)
  4 brain worms
  25 giant frogs
  An elf zombie (Crypt:1)
  Blork the orc (D:6)
  A spiny frog simulacrum (Crypt:1)
  6 scorpions
  18 killer bees
  An electric eel (Lair:4)
  7 wights
  8 small abominations
  A quasit (Depths:3)
  8 crimson imps
  3 hounds
  2 giant frog zombies
  24 jellies
  6 centaur zombies
  21 orc priests
  26 orc wizards
  A basilisk skeleton (Crypt:1)
  12 iguanas
  14 worker ants
  16 hell rats
  16 sheep
  A hound zombie (D:8)
  2 mummies
  3 worker ant zombies
  16 adders
  12 gnolls
  65 river rats
  8 white imps
  4 shadow imps
  13 ufetubi
  4 oozes (Lair:7)
  An adder zombie (D:10)
  3 adder skeletons
  24 worms
  18 giant geckos
  189 orcs
  A bat skeleton (D:4)
  12 giant cockroaches
  27 hobgoblins
  13 jackals
  2 quokkas
  5 ball pythons
  26 bats
  A giant gecko skeleton (D:4)
  A giant gecko zombie (D:5)
  7 giant newts
  29 goblins
  A jackal skeleton (D:5)
  51 kobolds
  A quokka skeleton (D:9)
  A quokka zombie (D:8)
  10 rats
  9 crawling corpses (Vaults:5)
  13 fungi
  25 plants
2990 creatures vanquished.

Vanquished Creatures (collateral kills)
  2 caustic shrikes (Depths:4)
  A curse toe (Zot:3)
  A storm dragon (Depths:5)
  A shadow dragon (Zot:1)
  A fire giant (Depths:4)
  2 frost giants
  A draconian shifter (Zot:3)
  2 spriggan defenders
  A draconian annihilator (Zot:3)
  3 very ugly things (Depths:4)
  A stone giant (Depths:4)
  A mottled draconian (Depths:5)
  2 white draconians (Zot:3)
  A deep elf death mage (Elf:3)
  A deep elf high priest (Depths:4)
  2 yaktaur captains (Depths:4)
  2 great orbs of eyes (Depths:4)
  2 entropy weavers
  An ogre mage (Depths:2)
  2 tengu warriors
  A spriggan berserker (Depths:2)
  A vampire mage (Depths:4)
  A deep elf knight (Elf:2)
  A soul eater (Depths:3)
  A deep elf summoner (Elf:1)
  A harpy (shapeshifter) (D:15)
  A necromancer (Depths:3)
  5 ugly things
  A yaktaur (Depths:5)
  3 wandering mushrooms (Zot:3)
  A two-headed ogre (Depths:2)
  A raven (Depths:4)
  3 slime creatures (D:15)
  6 spriggans (Depths:2)
  3 deep elf magi
  A wraith (D:11)
  A redback (Elf:1)
  A vampire mosquito (D:11)
  A warg (Orc:3)
  An ice beast (D:11)
  A wasp (Depths:2)
  4 centaurs
  5 ogres
  A phantom (D:11)
  3 giant frogs
  A scorpion (D:11)
  A wight (D:13)
  A killer bee (D:14)
  A crimson imp (D:11)
  A giant frog skeleton (D:10)
  An iguana (D:14)
  A hound (D:11)
  An orc wizard (Orc:2)
  A shadow imp (D:13)
  3 ufetubi
  5 orcs
  A goblin (Orc:1)
  A hobgoblin (D:11)
  A bat (D:8)
  4 kobolds
  A quokka zombie (D:9)
  A rat (D:9)
  A bush (D:14)
  A fungus (Lair:1)
107 creatures vanquished.

Vanquished Creatures (others)
  2 tengu reavers
  A deep elf sorcerer (Elf:3)
  A draconian knight (Zot:4)
  A stone giant (Depths:5)
  A fire dragon (Depths:4)
  An ironbrand convoker (Vaults:5)
  A deep troll (Vaults:5)
  A deep elf conjurer (Elf:3)
  A faun (Shoals:3)
  A black mamba (Snake:4)
  2 yaktaurs
  2 air elementals
  A red devil (Elf:3)
  A deep elf mage (Elf:2)
  3 deep elf fighters
  4 ufetubi (IceCv)
  2440 eldritch tentacle segments (WizLab)
  13 lost souls
  56 plants
2533 creatures vanquished.

Grand Total: 5630 creatures vanquished

Notes
Turn   | Place    | Note
--------------------------------------------------------------
     0 | D:1      | Chiseanne the Demonspawn Wanderer began the quest for the Orb.
     0 | D:1      | Chiseanne set off with: a +0 leather armour, 4 throwing nets, a +0 hand axe, a +0 quarterstaff, a bread ration
     0 | D:1      | Reached XP level 1. HP: 18/18 MP: 1/1
   325 | D:1      | Gained mutation: You are partially covered in slimy green scales (AC +2). [demonic ancestry]
   325 | D:1      | Reached XP level 2. HP: 13/24 MP: 2/2
  1039 | D:1      | Gained mutation: When hurt, damage is shared between your health and your magic reserves. [demonic ancestry]
  1039 | D:1      | Reached XP level 3. HP: 30/30 MP: 3/3
  1497 | D:2      | Reached skill level 4 in Fighting
  1501 | D:2      | Gained mutation: You are immune to rotting. [demonic ancestry]
  1501 | D:2      | Reached XP level 4. HP: 19/37 MP: 2/4
  1699 | D:2      | Reached skill level 1 in Short Blades
  2420 | D:2      | Gained mutation: You may emit foul miasma when damaged in melee. [demonic ancestry]
  2420 | D:2      | Reached XP level 5. HP: 43/43 MP: 5/5
  3230 | D:3      | Found a glowing drain.
  3253 | Sewer    | Entered a sewer
  3562 | Sewer    | Reached skill level 1 in Armour
  3562 | Sewer    | Reached XP level 6. HP: 23/49 MP: 3/7
  4096 | D:3      | Noticed Chiseanne's ghost (average KoFi)
  4136 | D:3      | Killed Chiseanne's ghost
  4136 | D:3      | Gained mutation: You regenerate magic rapidly. [demonic ancestry]
  4136 | D:3      | Reached XP level 7. HP: 52/55 MP: 8/8
  4945 | D:4      | Reached skill level 5 in Fighting
  4945 | D:4      | Reached skill level 5 in Dodging
  6242 | D:4      | Reached XP level 8. HP: 32/63 MP: 7/9
  6973 | D:5      | Entered Level 5 of the Dungeon
  7289 | D:5      | Got an encrusted trident {venom}
  7303 | D:5      | Identified the +5 trident "Goblin's Death Toll" {venom, rPois Str+2 SInv} (You took it off a kobold on level 5 of the Dungeon)
  7331 | D:5      | Got an opalescent robe
  7353 | D:5      | Identified the +1 robe of Qaxzil {+Blink rN+ Dex+6} (You took it off a goblin on level 5 of the Dungeon)
  7432 | D:5      | Found a staircase to the Ecumenical Temple.
  7442 | Temple   | Entered the Ecumenical Temple
  7553 | Temple   | Became a worshipper of Warmaster Okawaru
  7602 | D:5      | Reached skill level 6 in Dodging
  7671 | D:5      | Reached skill level 1 in Polearms
  8115 | D:6      | Noticed Menkaure
  8129 | D:6      | Killed Menkaure
  8129 | D:6      | Acquired Okawaru's first power
  8442 | D:6      | Noticed Grinder
  8544 | D:6      | Noticed Blork the orc
  8553 | D:6      | Killed Blork the orc
  8710 | D:6      | Found a blossoming altar of Fedhas.
  8904 | D:7      | Reached skill level 7 in Dodging
  8941 | D:7      | Noticed Geomchi's ghost (experienced TrTm)
  8941 | D:7      | Reached XP level 9. HP: 65/71 MP: 11/11
  8969 | D:7      | Killed Geomchi's ghost
  9174 | D:7      | Found a glowing silver altar of Zin.
  9174 | D:7      | Found a snail-covered altar of Cheibriados.
  9214 | D:7      | Found a flagged portal.
  9215 | D:7      | Reached skill level 8 in Dodging
  9278 | Bailey   | Entered a bailey
  9879 | Bailey   | Noticed an orc knight
  9984 | Bailey   | Noticed an orc knight
 10047 | Bailey   | Killed an orc knight
 10047 | Bailey   | Reached skill level 9 in Dodging
 10047 | Bailey   | Gained mutation: You are mostly covered in slimy green scales (AC +3). [demonic ancestry]
 10047 | Bailey   | Reached XP level 10. HP: 37/79 MP: 6/13
 10526 | Bailey   | Killed an orc knight
 10526 | Bailey   | Reached skill level 5 in Evocations
 10697 | Bailey   | Noticed an orc knight
 10737 | Bailey   | Killed an orc knight
 10781 | Bailey   | Noticed an orc knight
 10799 | Bailey   | Killed an orc knight
 10799 | Bailey   | Reached skill level 10 in Dodging
 10812 | Bailey   | Noticed an orc knight
 10850 | Bailey   | Killed an orc knight
 10956 | Bailey   | Identified a scroll of acquirement
 10959 | Bailey   | Got an ichor-stained hat
 10970 | Bailey   | Identified the +2 hat "Pecisej" {rF+ MR+ Regen+} (You acquired it in a bailey)
 11039 | D:7      | Found a shattered altar of Ashenzari.
 11041 | D:7      | Found a blossoming altar of Fedhas.
 11043 | D:7      | Found a shadowy altar of Dithmenos.
 11227 | D:7      | Found a deep blue altar of Sif Muna.
 11643 | D:8      | Learned a level 1 spell: Animate Skeleton
 11645 | D:8      | Learned a level 1 spell: Apportation
 11647 | D:8      | Learned a level 1 spell: Corona
 11649 | D:8      | Learned a level 1 spell: Summon Small Mammal
 12020 | D:8      | Reached skill level 5 in Polearms
 12642 | D:9      | Acquired Okawaru's second power
 12797 | D:9      | Gained mutation: You have a pair of small antennae on your head. [demonic ancestry]
 12797 | D:9      | Reached XP level 11. HP: 86/86 MP: 15/15
 12947 | D:9      | Reached skill level 1 in Shields
 13001 | D:9      | Reached skill level 1 in Spellcasting
 13329 | D:10     | Entered Level 10 of the Dungeon
 13375 | D:10     | Noticed a hill giant
 13381 | D:10     | Killed a hill giant
 13430 | D:10     | Got a slimy broad axe
 13434 | D:10     | Identified the +7 broad axe of Ibal {venom, rElec rPois} (You found it on level 10 of the Dungeon)
 13491 | D:10     | Found a staircase to the Orcish Mines.
 13831 | D:10     | Found a staircase to the Lair.
 14143 | D:10     | Reached skill level 1 in Axes
 14260 | D:10     | Reached skill level 5 in Shields
 14260 | D:10     | Reached skill level 5 in Spellcasting
 14260 | D:10     | Reached XP level 12. HP: 92/92 MP: 15/19
 14322 | Lair:1   | Entered Level 1 of the Lair of Beasts
 14324 | Lair:1   | Noticed ragan's ghost (experienced HOBe)
 14359 | Lair:1   | Killed ragan's ghost
 14359 | Lair:1   | Received a gift from Okawaru
 14363 | Lair:1   | Got a fine hat {god gift}
 14447 | Lair:1   | Identified the +1 hat "Voshuv" {god gift, rElec rC- Str+9} (Okawaru gifted it to you on level 1 of the Lair of Beasts)
 14463 | Lair:1   | Noticed an eight-headed hydra
 14474 | Lair:1   | Killed an eight-headed hydra
 14474 | Lair:1   | Reached skill level 5 in Axes
 14495 | Lair:1   | Noticed Erica
 14508 | Lair:1   | Killed Erica
 14687 | Lair:1   | Got a pair of scorched boots
 14698 | Lair:1   | Identified the +2 pair of boots of Impatience {MR+ Str+6} (You acquired it on level 1 of the Lair of Beasts)
 14926 | Lair:1   | Reached skill level 1 in Necromancy
 15466 | Orc:1    | Entered Level 1 of the Orcish Mines
 16488 | Orc:3    | Found a staircase to the Elven Halls.
 17155 | Orc:4    | Entered Level 4 of the Orcish Mines
 17335 | Orc:4    | Reached skill level 1 in Translocations
 17457 | Orc:4    | Reached XP level 13. HP: 75/98 MP: 17/21
 17460 | Orc:4    | Received a gift from Okawaru
 17549 | Orc:4    | Found a roughly hewn altar of Beogh.
 17970 | Orc:4    | Found Vyatu's Antique Armour Boutique.
 18009 | Orc:4    | Found Wenkead's General Store.
 18045 | Orc:4    | Bought the macabre finger necklace {Ward rN+} for 242 gold pieces
 18045 | Orc:4    | Bought a scroll of amnesia for 38 gold pieces
 18045 | Orc:4    | Bought a scroll of silence for 82 gold pieces
 18045 | Orc:4    | Bought a beef jerky for 16 gold pieces
 18045 | Orc:4    | Bought a scroll of magic mapping for 38 gold pieces
 18103 | Orc:4    | Found Useja's Assorted Antiques.
 18185 | Orc:4    | Bought a scroll of identify for 62 gold pieces
 18185 | Orc:4    | Bought a scroll of identify for 62 gold pieces
 18185 | Orc:4    | Bought a scroll labeled CAXYDW WUIKYE for 31 gold pieces
 18185 | Orc:4    | Bought a scroll of fog for 62 gold pieces
 18191 | Orc:4    | Found Qirghonae's Antique Weapon Shoppe.
 18259 | Orc:4    | Bought a heavily runed scale mail for 279 gold pieces
 18271 | Orc:4    | Identified the +5 scale mail of Ennui {Str+2} (You bought it in a shop on level 4 of the Orcish Mines)
 18310 | Orc:4    | Bought a transparent hunting sling for 201 gold pieces
 18311 | Orc:4    | Identified the +6 hunting sling "Qaledi" {flame, rElec rF+ Dex+3} (You bought it in a shop on level 4 of the Orcish Mines)
 18314 | Orc:4    | Bought a dented cameo amulet for 155 gold pieces
 18347 | Orc:4    | Bought a scroll of amnesia for 38 gold pieces
 19072 | D:11     | Reached skill level 10 in Axes
 19073 | D:11     | Found a bloodstained altar of Trog.
 19374 | D:11     | Found a shadowy altar of Dithmenos.
 19641 | D:11     | Reached skill level 1 in Hexes
 20431 | D:12     | Gained mutation: You have large cloven feet. [potion of beneficial mutation]
 20438 | D:12     | Found a labyrinth entrance.
 20450 | Lab      | Entered a labyrinth
 20665 | Lab      | Reached skill level 11 in Axes
 20668 | Lab      | Got a smoking bronze ring
 20676 | Lab      | Identified the ring "Jugir" {rF++ Stlth+} (You found it in a labyrinth)
 20677 | Lab      | Identified a +9 rod of clouds (12/12) (You found it in a labyrinth)
 20703 | Lab      | Got a fine chain mail
 20714 | Lab      | Identified the +4 chain mail of the Lost Blessings {rElec rF++ Str-5 Slay+2} (You found it in a labyrinth)
 20759 | Lab      | Learned a level 1 spell: Beastly Appendage
 20762 | Lab      | Learned a level 2 spell: Stoneskin
 20800 | D:12     | Found a frozen archway.
 20837 | IceCv    | Entered an ice cave
 20912 | IceCv    | Gained mutation: You have a pair of antennae on your head. [demonic ancestry]
 20912 | IceCv    | Reached XP level 14. HP: 102/104 MP: 22/22
 21068 | IceCv    | Got a shimmering demon whip
 21069 | IceCv    | Identified the +4 demon whip of the Thirteen Lies {venom, Str+2} (You found it in an ice cave)
 21173 | D:12     | Learned a level 6 spell: Statue Form
 21181 | D:12     | Learned a level 7 spell: Dragon Form
 21280 | D:12     | Got a bronze chain mail
 21291 | D:12     | Identified the cursed +0 chain mail of Kaporara {rF+ rN+ Int+2 Dex+4} (You found it on level 12 of the Dungeon)
 21421 | D:12     | Received a gift from Okawaru
 21421 | D:12     | Reached skill level 1 in Transmutations
 21717 | D:12     | Noticed Harold
 21728 | D:12     | Killed Harold
 21982 | D:12     | Your ally Harold died
 22448 | D:12     | Noticed Gastronok
 22460 | D:12     | Killed Gastronok
 22460 | D:12     | Reached skill level 12 in Axes
 22644 | D:13     | Found Coacotal's Distillery.
 22654 | D:13     | Bought a potion of cancellation for 80 gold pieces
 22654 | D:13     | Bought a potion of mutation for 25 gold pieces
 22654 | D:13     | Bought a potion of heal wounds for 50 gold pieces
 22654 | D:13     | Bought a potion of heal wounds for 50 gold pieces
 22654 | D:13     | Bought a potion of curing for 30 gold pieces
 22692 | D:13     | Found Bekomol's Distillery.
 22702 | D:13     | Bought 3 potions of might for 192 gold pieces
 22702 | D:13     | Bought a potion of curing for 48 gold pieces
 22702 | D:13     | Bought a potion of might for 64 gold pieces
 22702 | D:13     | Bought a potion of invisibility for 128 gold pieces
 22702 | D:13     | Bought a potion of curing for 48 gold pieces
 22702 | D:13     | Bought a potion of curing for 48 gold pieces
 22960 | D:13     | Received a gift from Okawaru
 23251 | D:13     | Noticed Maurice
 23259 | D:13     | Killed Maurice
 23492 | Lair:1   | Upgraded the game from 0.17-a0-1195-g0639cb0 to 0.17-a0-1202-g2dd280d
 23528 | D:13     | Your ally Maurice died
 23618 | D:14     | Noticed Mulkerokala's ghost (powerful DrFE)
 23644 | D:14     | Killed Mulkerokala's ghost
 23742 | D:14     | Found a gate to the Vaults.
 23748 | D:14     | Reached skill level 13 in Axes
 23867 | D:14     | Noticed ragan's ghost (powerful HOFi)
 23896 | D:14     | Killed ragan's ghost
 23963 | D:14     | Learned a level 2 spell: Swiftness
 23966 | D:14     | Learned a level 2 spell: Repel Missiles
 24085 | D:15     | Entered Level 15 of the Dungeon
 24491 | D:15     | Reached skill level 10 in Shields
 24592 | D:15     | Reached XP level 15. HP: 56/110 MP: 19/24
 24832 | D:15     | Received a gift from Okawaru
 24839 | D:15     | Found a staircase to the Depths.
 24932 | D:15     | Got a crude cloak
 24947 | D:15     | Identified the +1 cloak "Wekkidie" {-Tele Regen+ Stlth+} (You acquired it on level 15 of the Dungeon)
 24988 | D:15     | Found Ruet Mea's Book Shop.
 25315 | Elf:1    | Entered Level 1 of the Elven Halls
 25373 | Elf:1    | Found a magical portal.
 25382 | WizLab   | Entered The Roulette of Golubria
 25384 | WizLab   | Found a corrupted altar of Lugonu.
 25384 | WizLab   | Noticed an eldritch tentacle
 25497 | WizLab   | Reached skill level 14 in Axes
 25543 | WizLab   | Identified Sif Muna's Grimoire of Dislocation and Aid (You found it in a wizard's laboratory)
 25567 | WizLab   | Learned a level 2 spell: Shroud of Golubria
 25808 | WizLab   | Noticed a profane servitor
 25813 | WizLab   | Noticed a profane servitor
 25914 | WizLab   | Found a corrupted altar of Lugonu.
 26314 | Elf:1    | Received a gift from Okawaru
 26327 | Elf:1    | Noticed a Hell Sentinel
 26394 | Elf:1    | Identified the Reference Book on Calling
 26518 | Elf:1    | Received a gift from Okawaru
 26846 | Elf:2    | Reached skill level 15 in Axes
 26987 | Elf:2    | Found Deyngiss's Book Shop.
 27055 | Elf:2    | Found Nekuwk's General Store.
 27109 | Elf:2    | Bought a scroll of identify for 26 gold pieces
 27109 | Elf:2    | Bought a scroll of identify for 26 gold pieces
 27109 | Elf:2    | Bought a potion of curing for 39 gold pieces
 27109 | Elf:2    | Bought 2 scrolls of fog for 52 gold pieces
 27109 | Elf:2    | Bought a beef jerky for 19 gold pieces
 27133 | Elf:2    | Noticed Aizul
 27135 | Elf:2    | Found a deep blue altar of Sif Muna.
 27158 | Elf:2    | Killed Aizul
 27457 | Elf:2    | Found a runed gate.
 27457 | Elf:2    | Found a runed gate.
 27457 | Elf:2    | Found a runed gate.
 27467 | Elf:2    | Reached XP level 16. HP: 93/116 MP: 20/27
 27502 | Elf:3    | Entered Level 3 of the Elven Halls
 27779 | Elf:3    | Noticed an Ice Fiend
 27781 | Elf:3    | Noticed a deep elf blademaster
 27782 | Elf:3    | Noticed a deep elf blademaster
 27783 | Elf:3    | Noticed an Ice Fiend
 27790 | Elf:3    | Received a gift from Okawaru
 27800 | Elf:3    | Killed a deep elf blademaster
 27800 | Elf:3    | Reached skill level 5 in Transmutations
 27800 | Elf:3    | Killed a deep elf blademaster
 27801 | Elf:3    | Received a gift from Okawaru
 27801 | Elf:3    | Reached skill level 16 in Axes
 27814 | Elf:3    | Was placed under penance by Okawaru
 27833 | Elf:3    | Noticed a deep elf master archer
 27844 | Elf:3    | Killed a deep elf master archer
 27951 | Elf:3    | Noticed a titan
 27968 | Elf:3    | Killed a titan
 28109 | Elf:3    | Noticed a deep elf master archer
 28113 | Elf:3    | Was forgiven by Okawaru
 28136 | Elf:3    | Killed a deep elf master archer
 28184 | Elf:3    | Got a fine crystal plate armour {god gift}
 28367 | Elf:3    | Identified Iskenderun's Incunabulum of Attacks
 28376 | Elf:3    | Learned a level 3 spell: Regeneration
 28384 | Elf:3    | Identified a +4 rod of shadows (12/12) (You found it on level 3 of the Elven Halls)
 28399 | Elf:3    | Got a faintly glowing ivory ring
 28401 | Elf:3    | Identified the ring of Ephemeral Luck {rF- MP+9 EV+6 Dex+7} (You found it on level 3 of the Elven Halls)
 28407 | Elf:3    | Got a dazzling chain mail
 28419 | Elf:3    | Identified the +7 chain mail of the Princeling {Str+2} (You found it on level 3 of the Elven Halls)
 28429 | Elf:3    | Identified the +12 crystal plate armour of the Known World {god gift, rN+ Str+4} (Okawaru gifted it to you on level 3 of the Elven Halls)
 28549 | Elf:3    | Got a warped pewter ring
 28554 | Elf:3    | Identified the ring "Sawnoth" {MP+9 Dex+5 Stlth+} (You found it on level 3 of the Elven Halls)
 28557 | Elf:3    | Got a jewelled leather armour
 28568 | Elf:3    | Identified the cursed +1 leather armour of the Monkey {rN+ MR+ Regen+ Int-5} (You found it on level 3 of the Elven Halls)
 28588 | Elf:3    | Got an ancient ring mail
 28601 | Elf:3    | Identified the cursed +0 ring mail "Aschagro" {Str+2} (You found it on level 3 of the Elven Halls)
 28696 | Elf:3    | Got an ichor-stained quarterstaff
 28702 | Elf:3    | Identified the +10 quarterstaff "Huge" {speed, rPois Str+6} (You found it on level 3 of the Elven Halls)
 29845 | Lair:3   | Noticed Urug
 29865 | Lair:3   | Killed Urug
 30223 | Lair:3   | Found a staircase to the Snake Pit.
 30264 | Lair:3   | Gained mutation: You are completely covered in slimy green scales (AC +4, rPois). [demonic ancestry]
 30264 | Lair:3   | Reached XP level 17. HP: 122/122 MP: 30/30
 30735 | Lair:4   | Found a staircase to the Shoals.
 30790 | Lair:4   | Reached skill level 17 in Axes
 30831 | Lair:4   | Found a white marble altar of Elyvilon.
 31243 | Lair:5   | Received a gift from Okawaru
 31315 | Lair:5   | Noticed Rupert
 31329 | Lair:5   | Killed Rupert
 31473 | Lair:5   | Got a translucent blowgun
 31474 | Lair:5   | Identified the +7 blowgun "Haankiru" {speed, MP+9 Stlth+} (You found it on level 5 of the Lair of Beasts)
 31691 | Lair:6   | Noticed Oper80's ghost (powerful MfGl)
 31708 | Lair:6   | Reached skill level 5 in Armour
 31734 | Lair:6   | Killed Oper80's ghost
 32030 | Lair:6   | Found a staircase to the Swamp.
 32218 | Lair:7   | Reached skill level 18 in Axes
 32220 | Lair:7   | Found a runed door.
 32220 | Lair:7   | Found a viscous altar of Jiyva.
 32229 | Lair:7   | Found a staircase to the Slime Pits.
 32268 | Lair:7   | Received a gift from Okawaru
 32656 | Lair:8   | Entered Level 8 of the Lair of Beasts
 33073 | Lair:8   | Found a runed door.
 33428 | Lair:6   | Reached skill level 19 in Axes
 33690 | Lair:1   | Upgraded the game from 0.17-a0-1202-g2dd280d to 0.17-a0-1210-g1e4f09d
 33867 | Shoals:1 | Entered Level 1 of the Shoals
 34192 | Shoals:3 | Found Joriwewn's Magic Scroll Shop.
 34438 | Shoals:3 | Gained mutation: You have a pair of large antennae on your head (SInv). [demonic ancestry]
 34438 | Shoals:3 | Reached XP level 18. HP: 114/129 MP: 31/31
 34447 | Shoals:3 | Received a gift from Okawaru
 34457 | Shoals:3 | Found Aqyofamuc's Weapon Shop.
 34532 | Shoals:3 | Found Buawk's Food Shoppe.
 34568 | Shoals:3 | Bought a scroll of identify for 42 gold pieces
 34568 | Shoals:3 | Bought a scroll of teleportation for 63 gold pieces
 34568 | Shoals:3 | Bought a scroll of blinking for 157 gold pieces
 34568 | Shoals:3 | Bought a scroll of identify for 42 gold pieces
 34568 | Shoals:3 | Bought a scroll of teleportation for 63 gold pieces
 34568 | Shoals:3 | Bought a scroll of teleportation for 63 gold pieces
 34569 | Shoals:3 | Bought a scroll of recharging for 199 gold pieces
 34596 | Shoals:3 | Bought a beef jerky for 18 gold pieces
 34596 | Shoals:3 | Bought a slice of pizza for 18 gold pieces
 34596 | Shoals:3 | Bought a beef jerky for 18 gold pieces
 34596 | Shoals:3 | Bought a beef jerky for 18 gold pieces
 34596 | Shoals:3 | Bought a slice of pizza for 18 gold pieces
 34596 | Shoals:3 | Bought a beef jerky for 18 gold pieces
 34605 | Shoals:4 | Entered Level 4 of the Shoals
 34621 | Shoals:4 | Reached skill level 20 in Axes
 34859 | Shoals:4 | Received a gift from Okawaru
 34866 | Shoals:4 | Got a barnacled rune of Zot
 35204 | Shoals:1 | Noticed Donald
 35214 | Shoals:1 | Killed Donald
 35573 | Snake:1  | Entered Level 1 of the Snake Pit
 36026 | Snake:2  | Received a gift from Okawaru
 36082 | Snake:2  | Found a runed door.
 36284 | Snake:2  | Got a smelly scale mail
 36296 | Snake:2  | Identified the +4 scale mail "Goix" {+Fly rF+ Int+3} (You found it on level 2 of the Snake Pit)
 36593 | Snake:4  | Entered Level 4 of the Snake Pit
 36947 | Snake:4  | Got a fine war axe
 36948 | Snake:4  | Identified the +8 war axe of Byfaots {drain, -Tele rElec MR+} (You found it on level 4 of the Snake Pit)
 37286 | Snake:4  | Reached skill level 10 in Fighting
 37286 | Snake:4  | Gained mutation: Your flesh is heat resistant. [demonic ancestry]
 37286 | Snake:4  | Reached XP level 19. HP: 117/140 MP: 32/32
 37624 | Snake:4  | Got a serpentine rune of Zot
 38076 | Vaults:1 | Entered Level 1 of the Vaults
 38130 | Vaults:1 | Received a gift from Okawaru
 38682 | Vaults:1 | Received a gift from Okawaru
 40066 | Vaults:2 | Got a translucent scale mail
 40078 | Vaults:2 | Identified the +8 scale mail of the Pure Wars {*Drain rPois MP+9 Stlth+} (You found it on level 2 of the Vaults)
 40658 | Vaults:2 | Reached skill level 10 in Armour
 40658 | Vaults:2 | Received a gift from Okawaru
 40658 | Vaults:2 | Reached XP level 20. HP: 152/155 MP: 33/33
 41432 | Vaults:3 | Noticed Wiglaf
 41455 | Vaults:3 | Killed Wiglaf
 41946 | Vaults:3 | Noticed Mara
 41948 | Vaults:3 | Noticed Chiseanne's illusion
 41976 | Vaults:3 | Killed Mara
 41990 | Vaults:3 | Killed Mara
 41990 | Vaults:3 | Received a gift from Okawaru
 42643 | Vaults:3 | Found Tetuf's Antique Armour Shop.
 42651 | Vaults:3 | Bought a pair of distressingly furry boots for 313 gold pieces
 42663 | Vaults:3 | Identified the +1 pair of boots of the Turtledove {+Inv rPois} (You bought it in a shop on level 3 of the Vaults)
 42813 | Vaults:3 | Noticed Asterion
 42814 | Vaults:3 | Found a staircase to the Crypt.
 42819 | Vaults:3 | Killed Asterion
 42952 | Crypt:1  | Entered Level 1 of the Crypt
 43252 | Crypt:1  | Reached skill level 15 in Shields
 43626 | Crypt:3  | Entered Level 3 of the Crypt
 43734 | Crypt:3  | Gained mutation: You frequently emit foul miasma when damaged in melee. [demonic ancestry]
 43734 | Crypt:3  | Reached XP level 21. HP: 149/164 MP: 34/34
 43748 | Crypt:3  | Received a gift from Okawaru
 43752 | Crypt:3  | Found a basalt altar of Yredelemnul.
 44375 | Crypt:3  | Found a staircase to the Tomb.
 44400 | Crypt:3  | Received a gift from Okawaru
 44454 | Crypt:3  | Got a transparent morningstar
 44455 | Crypt:3  | Identified the cursed +2 morningstar of Infinite Pain {crush, +Blink +Rage} (You found it on level 3 of the Crypt)
 44880 | Crypt:3  | Identified a +4 rod of inaccuracy (10/10) (You found it on level 3 of the Crypt)
 44993 | Crypt:3  | Got a heavily runed granite ring
 44997 | Crypt:3  | Identified the ring "Itaxt" {rC+ rN+ MR+ Slay-3 SInv} (You found it on level 3 of the Crypt)
 45001 | Crypt:3  | Got a vibrating bone ring
 45002 | Crypt:3  | Identified the ring of the Enemy {rElec rF+ rN+ MR-} (You found it on level 3 of the Crypt)
 45007 | Crypt:3  | Got a brightly glowing tin ring
 45008 | Crypt:3  | Identified the ring of Xadar {rN+ MR+} (You found it on level 3 of the Crypt)
 45747 | Vaults:4 | Received a gift from Okawaru
 45788 | Vaults:4 | Paralysed by a great orb of eyes for 3 turns
 46560 | Vaults:5 | Entered Level 5 of the Vaults
 46560 | Vaults:5 | Noticed Mennas
 46565 | Vaults:5 | Noticed an ancient lich
 46566 | Vaults:5 | Gained mutation: When low on magic, you restore magic in place of health. [demonic ancestry]
 46566 | Vaults:5 | Reached XP level 22. HP: 147/173 MP: 35/35
 46567 | Vaults:5 | Received a gift from Okawaru
 46568 | Vaults:5 | Killed Mennas
 46782 | Vaults:4 | Killed an ancient lich
 46782 | Vaults:4 | Reached skill level 15 in Fighting
 47057 | Vaults:5 | Reached skill level 15 in Armour
 47098 | Vaults:5 | Received a gift from Okawaru
 47115 | Vaults:5 | Got a brightly glowing hand crossbow {god gift}
 47135 | Vaults:5 | Identified the +6 hand crossbow "Hivvodgh" {god gift, penet, +Blink +Inv rC- Dex+2} (Okawaru gifted it to you on level 5 of the Vaults)
 47607 | Vaults:5 | Received a gift from Okawaru
 47636 | Vaults:5 | Gained mutation: You are immune to clouds of flame. [demonic ancestry]
 47636 | Vaults:5 | Reached XP level 23. HP: 129/182 MP: 34/36
 47934 | Vaults:5 | Got a faintly humming cloak
 47945 | Vaults:5 | Identified the +1 cloak of Kikubaaqudgha's Hatred {SInv} (You found it on level 5 of the Vaults)
 48253 | Vaults:5 | Got a silver rune of Zot
 48556 | Vaults:5 | Identified Sif Muna's Handbook of Creation and the Birds (You found it on level 5 of the Vaults)
 48632 | Vaults:5 | Received a gift from Okawaru
 48673 | Vaults:5 | Got a smoking war axe {god gift}
 48689 | Vaults:5 | Identified the +10 war axe "Aguxt" {god gift, chop, Int+4} (Okawaru gifted it to you on level 5 of the Vaults)
 48725 | Vaults:5 | Found Fomu's Armour Shoppe.
 48731 | Vaults:5 | Bought a +0 cloak of magic resistance for 218 gold pieces
 48803 | Vaults:5 | Got a clouded pewter amulet
 48804 | Vaults:5 | Identified the amulet of Pyihututh {Ward rC+ rN+} (You took it off a deep elf conjurer on level 5 of the Vaults)
 48821 | Vaults:5 | Got an iridescent morningstar
 48822 | Vaults:5 | Identified the +11 morningstar "Yvurghepu" {flame, -Tele MP+9 Dex+5 SInv} (You took it off a deep elf annihilator on level 5 of the Vaults)
 48963 | Vaults:5 | Got a bound jade ring
 48965 | Vaults:5 | Identified the cursed ring "Nyres" {*Corrode AC-2 Int+2 Dex+4 Stlth+} (You took it off a tengu reaver on level 5 of the Vaults)
 48972 | Vaults:5 | Got a brightly glowing glaive {drain}
 48973 | Vaults:5 | Identified the cursed +1 glaive of Saalerr {drain, *Contam rElec rF+} (You took it off a deep elf death mage on level 5 of the Vaults)
 49722 | Depths:1 | Entered Level 1 of the Depths
 49926 | Depths:1 | Reached skill level 15 in Dodging
 50489 | Depths:1 | Received a gift from Okawaru
 50554 | Depths:1 | Found a gateway to Hell.
 50838 | Depths:1 | Found Hothic's Jewellery Boutique.
 50902 | Depths:1 | Found an iron altar of Okawaru.
 51323 | Depths:1 | Received a gift from Okawaru
 51656 | Depths:2 | Received a gift from Okawaru
 51742 | Depths:2 | Got a faintly humming shield {god gift}
 51758 | Depths:2 | Identified the +5 shield of the Beginning {god gift, rC- rN+ MR+} (Okawaru gifted it to you on level 2 of the Depths)
 52109 | Depths:2 | Reached XP level 24. HP: 193/193 MP: 36/36
 52207 | Depths:2 | Found a gateway to a ziggurat.
 53399 | Depths:3 | Received a gift from Okawaru
 53629 | Depths:3 | Got a slimy chain mail {god gift}
 53630 | Depths:3 | Identified the +7 chain mail of Okawaru's Displeasure {god gift, -Tele rF++ MP+9 Dex+2} (Okawaru gifted it to you on level 3 of the Depths)
 54180 | Depths:3 | Found a one-way gate leading to the halls of Pandemonium.
 54191 | Depths:3 | Gained mutation: You are dopey. (Int -2) [a neqoxec]
 54870 | Depths:4 | Received a gift from Okawaru
 54896 | Depths:4 | Gained mutation: Armour fits poorly on your strangely shaped body. [a shining eye]
 54934 | Depths:4 | Got a transparent iron amulet
 54935 | Depths:4 | Identified the amulet of Vitiogh {rMut rPois rF+ Str+2} (You took it off a fire giant on level 4 of the Depths)
 55548 | Lair:1   | Lost mutation: You are dopey. (Int -2) [potion of cure mutation]
 55548 | Lair:1   | Lost mutation: Armour fits poorly on your strangely shaped body. [potion of cure mutation]
 55548 | Lair:1   | Lost mutation: You have large cloven feet. [potion of cure mutation]
 55845 | Depths:4 | Reached skill level 1 in Invocations
 55926 | Depths:4 | Reached XP level 25. HP: 201/201 MP: 36/36
 55995 | Depths:4 | Received a gift from Okawaru
 55995 | Depths:4 | Reached skill level 5 in Invocations
 55996 | Depths:4 | Got a fine chain mail {god gift}
 55997 | Depths:4 | Identified the +7 chain mail "Vierua" {god gift, rElec} (Okawaru gifted it to you on level 4 of the Depths)
 56082 | Depths:4 | Identified the Papyrus of the Compass (You found it on level 4 of the Depths)
 56085 | Depths:4 | Identified the Reference Book on Ice (You found it on level 4 of the Depths)
 56106 | Depths:4 | Reached skill level 5 in Necromancy
 56421 | Depths:4 | Reached skill level 10 in Spellcasting
 56538 | Depths:4 | Was placed under penance by Okawaru
 56668 | Depths:4 | Found a one-way gate to the infinite horrors of the Abyss.
 57062 | Depths:4 | Reached skill level 10 in Invocations
 57308 | Depths:4 | Was forgiven by Okawaru
 57308 | Depths:4 | Reached skill level 5 in Translocations
 57321 | Depths:4 | Got a spiked ring mail
 57322 | Depths:4 | Identified the +6 ring mail "Bumommed" {rElec MR- Regen+ Dex+4} (You found it on level 4 of the Depths)
 57372 | Depths:5 | Entered Level 5 of the Depths
 57372 | Depths:5 | Noticed Frederick
 57403 | Depths:5 | Killed Frederick
 57611 | Depths:5 | Your ally Frederick died
 57724 | Depths:5 | Received a gift from Okawaru
 57797 | Depths:5 | Found a gate to the Realm of Zot.
 58645 | Zot:1    | Entered Level 1 of the Realm of Zot
 58771 | Zot:1    | Reached XP level 26. HP: 144/208 MP: 39/39
 59280 | Zot:2    | Received a gift from Okawaru
 59480 | Zot:2    | Noticed an orb of fire
 59513 | Zot:2    | Killed an orb of fire
 60613 | Zot:3    | Reached skill level 15 in Spellcasting
 60661 | Zot:3    | Got a slimy crystal plate armour
 60664 | Zot:3    | Identified the +0 crystal plate armour "Nazi" {Int+6} (You acquired it on level 3 of the Realm of Zot)
 61804 | Zot:4    | Received a gift from Okawaru
 62280 | Zot:4    | Learned a level 3 spell: Gell's Gravitas
 62286 | Zot:4    | Learned a level 5 spell: Phase Shift
 62515 | Zot:4    | Gained mutation: You can hurl blasts of hellfire. [demonic ancestry]
 62515 | Zot:4    | Reached XP level 27. HP: 201/215 MP: 44/44
 62603 | Zot:2    | Received a gift from Okawaru
 63032 | Lair:1   | Learned a level 4 spell: Control Teleport
 63308 | Slime:1  | Entered Level 1 of the Pits of Slime
 63349 | Slime:2  | Gained mutation: Your body sometimes deteriorates upon taking damage. [a shining eye]
 63365 | Slime:3  | Noticed Dissolution
 63379 | Slime:3  | Killed Dissolution
 63585 | Slime:6  | Entered Level 6 of the Pits of Slime
 63706 | Slime:6  | Gained mutation: You are frail (-10% HP). [a shining eye]
 63708 | Slime:6  | Gained mutation: You are clumsy. (Dex -2) [a shining eye]
 63709 | Slime:6  | Gained mutation: Scrolls take you a little longer to read. [a shining eye]
 63984 | Slime:6  | Noticed WhatIsLove's ghost (great HaHu)
 64036 | Slime:6  | Killed WhatIsLove's ghost
 64195 | Slime:6  | Noticed the royal jelly
 64217 | Slime:6  | Killed the royal jelly
 64217 | Slime:6  | Received a gift from Okawaru
 64217 | Slime:6  | Reached skill level 10 in Translocations
 64225 | Slime:6  | HP: 6/193 [acid[the royal jelly] (8)]
 64227 | Slime:6  | HP: 2/193 [acid (13)]
 64229 | Slime:6  | Mangled by a death ooze

Vault maps used:
D:1:      lemuel_arrival_muddy
D:2:      hangedman_decor_opposing, minmay_misc_feat_encased,
          minmay_joined_circles
D:3:      gup_sewer_entry_pipe, lexackson_kobold_supper
D:5:      temple_statues, first_bread
D:6:      yredelemnul_forgotten_temple_becter, fedhas_altar_4,
          uniq_blork_the_orc, uniq_menkaure, uniq_grinder
D:7:      minitemple, kennysheep_mini_moat, enter_bailey_3
D:8:      the_bakery
D:10:     lair_0_dummy, orc_0_dummy, lightli_minifort
D:11:     hangedman_cross_cluster, basic_altar
D:12:     portal_ice_cave_entry_ice_beasts, lab_entry_generic, nicolae_sextant,
          uniq_gastronok, uniq_harold
D:13:     serial_shops, shop, shop_fountains, uniq_maurice
D:14:     david_vaults_1, serial_park_square2
D:15:     gammafunk_enter_depths_forms, serial_shops, nicolae_shop_crystal
Temple:   minmay_crystal_spiral_temple_12
Lair:1:   uniq_erica
Lair:3:   minmay_snake_entry_six_corridors, uniq_urug
Lair:4:   shoals_dummy_entry, basic_altar, infiniplex_staircase_pool
Lair:5:   uniq_rupert
Lair:6:   swamp_mist
Lair:7:   slime_altar_2
Lair:8:   wormcave, serial_bayou_shore_b
Shoals:1: abandoned_shop, uniq_donald
Shoals:2: overgrown_tower, uniq_jorgrun
Shoals:3: serial_shops, shop, shop, nicolae_shop_statue_plus
Shoals:4: shoals_end_simple, shoal_ilsuiw
Snake:1:  hangedman_snake_sidewinding
Snake:2:  lightli_airlock
Snake:4:  minmay_snake_end_coiled
Slime:3:  dissolution_awaits, uniq_dissolution
Slime:4:  cheibrodos_slime_lost_civilization_4
Slime:5:  cheibrodos_slime_lost_civilization_6
Orc:3:    nicolae_orc_pool_cavern, lightli_orcish_oven
Orc:4:    st_orc_town
Elf:1:    serial_sigils, serial_sigils_hangedman_scratch,
          serial_sigils_hangedman_carve, serial_sigils_hangedman_scar,
          serial_sigils_hangedman_confine, mu_enter_wizlab_5,
          minmay_elf_demonology
Elf:2:    basic_altar, serial_shops, nicolae_shop_trees, nicolae_shop_trees,
          uniq_aizul, uniq_agnes
Elf:3:    elf_hall, serial_shops, shop_scrolls
Vaults:1: nicolae_vaults_little_squares_3, nicolae_vaults_little_squares_1,
          hangedman_vaults_slither, grunt_vaults_swirl, nicolae_vaults_big_ls,
          v_pattern_2, v_misc_2, vaults_room_pool
Vaults:2: nicolae_vaults_angled_halls, vaults_room_fancy_cross,
          vaults_room_glass_cross, ontoclasm_vaults_eye, v_misc_25,
          ontoclasm_vaults_misaligned, hangedman_vaults_trim, v_misc_24,
          hangedman_vaults_unwind, nicolae_vaults_yaktaur_gun_rack,
          nicolae_vaults_border_crossing, nicolae_vaults_alarming,
          vaults_room_pools, vaults_room_stairs_pillars
Vaults:3: minmay_crypt_entry_simple_round, ontoclasm_vaults_loading_screen,
          ontoclasm_vaults_tryst, hangedman_vaults_nails,
          ontoclasm_vaults_ligature, st_spiral_rooms, v_misc_2,
          dpeg_vaults_monster_box, nicolae_vaults_sealed_display,
          hangedman_vaults_slice, v_misc_9, vaults_room_hallway,
          vaults_dpeg_encased_lava, serial_shops, shop, uniq_mara, uniq_wiglaf,
          uniq_asterion
Vaults:4: nicolae_vaults_what_the_h, ontoclasm_vaults_ring_large, v_misc_12,
          v_misc_2, vaults_standard_mumra_enter_the_diamond,
          hangedman_vaults_hat, ontoclasm_vaults_misaligned,
          grunt_vaults_diagonal, vaults_mumra_hex, v_misc_8,
          nicolae_vaults_little_squares_5, nicolae_vaults_asterisk
Vaults:5: serial_shops, uniq_mennas
Crypt:1:  minmay_shadows, due_unseen_surprise
Crypt:2:  st_stairs_13, serial_sigils_hangedman_writhe, grunt_ministairs_15,
          corexii_leaking_fountain
Crypt:3:  grunt_crypt_end_deaths_head
Depths:1: serial_shops, shop, hell_entry, kennysheep_boxes,
          minmay_misc_feat_room, okawaru_ov_weapons_minmay,
          serial_bayou_shore_b, firewood_loft, grunt_megastairs_3,
          serial_bayou_shore_a, serial_bayou_shore_b
Depths:2: minmay_spriggan_fort, enter_ziggurat_a, nrook_mini_vaults, hell_entry,
          grunt_megastairs_4, infiniplex_staircase_trident
Depths:3: kennysheep_six_static_rooms, hell_entry, hex_medium,
          grunt_pan_entry_sceptre, infiniplex_staircase_door_maze
Depths:4: hangedman_box_tower, abyss_entry_small_statue_room, hell_entry,
          nrook_pool_corridor, basic_stair_grate_trap
Depths:5: grunt_bruiser_brothers, pf_vacation_house_of_asmodeus,
          hangedman_decor_points, rand_demon_pan_entry_5,
          roderic_serpentine_path, uniq_frederick
Zot:1:    grunt_ministairs_12
Zot:3:    st_stairs_4
Lab:      nicolae_lab_do_over, lab_fountain, nicolae_lab_stuck,
          nicolae_lab_checkerboard, nicolae_lab_flowing_pool,
          nicolae_lab_garden, nicolae_lab_grate, nicolae_lab_hexagon,
          nicolae_lab_diamond
Sewer:    kennysheep_pipe_town
Bailey:   bailey_polearm_5, bailey
IceCv:    ice_cave_small_demon
WizLab:   wizlab_golubria

Action                   |  1- 3 |  4- 6 |  7- 9 | 10-12 | 13-15 | 16-18 | 19-21 | 22-24 | 25-27 || total
-------------------------+-------+-------+-------+-------+-------+-------+-------+-------+-------++-------
Melee: Quarterstaff      |    74 |    19 |     4 |       |       |       |       |       |       ||    97
       Short sword       |    42 |   334 |   386 |       |       |       |       |       |       ||   762
       Trident           |       |       |   195 |   300 |    13 |    24 |       |       |       ||   532
       Broad axe         |       |       |       |   299 |  1272 |  1589 |  1908 |  1680 |  1550 ||  8298
 Fire: Blowgun           |       |       |    34 |    53 |    11 |    27 |     6 |     6 |       ||   137
Throw: Stone             |       |     6 |     4 |     1 |       |       |       |       |       ||    11
       Throwing net      |       |       |     2 |       |     1 |       |       |       |       ||     3
       Tomahawk          |       |       |       |     3 |     4 |       |       |       |       ||     7
       Javelin           |       |       |       |       |       |     4 |       |       |       ||     4
 Cast: Animate Skeleton  |       |       |       |    94 |   136 |    18 |       |    58 |    92 ||   398
       Apportation       |       |       |       |     4 |       |       |    10 |       |       ||    14
       Repel Missiles    |       |       |       |       |     1 |       |       |       |       ||     1
       Stoneskin         |       |       |       |       |     1 |       |       |       |       ||     1
       Shroud of Golubri |       |       |       |       |       |       |       |       |     4 ||     4
Invok: Heroism           |       |       |     1 |     3 |     4 |     2 |     3 |     3 |     9 ||    25
       Finesse           |       |       |       |       |       |       |       |       |     2 ||     2
 Abil: Evoke Blink       |       |       |       |       |     6 |       |       |       |       ||     6
Evoke: Rod               |       |       |    10 |     4 |    10 |     9 |     3 |     2 |     8 ||    46
       Wand              |       |       |     3 |     3 |    17 |     6 |       |     8 |     4 ||    41
       Fan of gales      |       |       |       |       |       |     1 |       |       |     1 ||     2
       Stone of tremors  |       |       |       |       |       |       |     1 |       |     2 ||     3
  Use: Scroll            |     3 |     5 |     5 |    12 |    22 |    15 |     5 |    17 |     6 ||    90
       Potion            |       |     5 |    10 |     3 |    12 |     9 |     2 |     1 |     5 ||    47
 Stab: Sleeping          |     1 |       |     5 |    18 |    23 |     3 |       |       |       ||    50
       Distracted        |     1 |       |       |    10 |    18 |     1 |       |    10 |    12 ||    52
       Invisible         |       |       |       |       |       |    12 |       |       |       ||    12
       Confused          |       |       |       |       |       |     1 |       |     2 |     5 ||     8
  Eat: Chunk             |     2 |     7 |    23 |    28 |    26 |     9 |    11 |    18 |    23 ||   147
       Pizza             |       |     1 |     1 |       |     3 |     5 |       |     3 |       ||    13
       Beef jerky        |       |       |       |       |     4 |     6 |     1 |     1 |       ||    12
       Fruit             |       |       |       |       |    13 |       |     6 |       |     4 ||    23
       Bread ration      |       |       |       |       |       |     2 |     3 |     1 |     2 ||     8
       Royal jelly       |       |       |       |       |       |     1 |       |     2 |       ||     3
